 Dungeon Crawl Stone Soup version 0.18-a0-1485-g189885c (webtiles) character file.

1764 Gorice the Carver (level 8, 0/65 HPs)
             Began as a Demonspawn Gladiator on Mar 3, 2016.
             Was a Follower of Okawaru.
             Slain by Duvessa
             ... wielding a +0 rapier
              (2 damage)
             ... on level 7 of the Dungeon.
             The game lasted 00:20:07 (5193 turns).

Gorice the Carver (Demonspawn Gladiator)            Turns: 5193, Time: 00:20:07

Health: 0/65       AC: 12    Str: 16    XL:     8   Next: 79%
Magic:  8/8        EV:  7    Int: 11    God:    Okawaru [*.....]
Gold:   333        SH:  0    Dex: 14    Spells: 0 memorised, 7 levels left

rFire  . . .     SeeInvis .     a - +1 long sword
rCold  + . .     Gourm    .     s - +0 chain mail
rNeg   . . .     Faith    .     (no shield)
rPois  +         Spirit   .     (helmet restricted)
rElec  .         Dismiss  .     B - +0 cloak (curse)
rCorr  .         Reflect  .     (no gloves)
SustAt .         Harm     .     k - +1 pair of boots
MR     .....                    e - amulet of inaccuracy (curse)
Stlth  ..........               g - ring of poison resistance
                                l - ring of loudness (curse)

@: not resistant to hostile enchantments, extremely unstealthy
A: horns 1, icy blue scales 1, cold resistance 1, nightstalker 1, freezing cloud
immunity
a: Heroism, Renounce Religion


You were on level 7 of the Dungeon.
You worshipped Okawaru.
Okawaru was aware of your devotion.
You were not hungry.

You visited 2 branches of the dungeon, and saw 8 of its levels.

You collected 333 gold pieces.

Inventory:

Hand Weapons
 a - a +1 long sword (weapon)
 j - a +0 hunting sling
 r - a +1 trident of pain
   (You found it on level 2 of the Dungeon)
 C - a +2 great sword
Missiles
 i - 2 curare-tipped needles
 n - 15 sling bullets
 o - 15 poisoned needles
 Y - 2 throwing nets
 Z - 234 stones (quivered)
Armour
 k - a +1 pair of boots (worn)
 s - a +0 chain mail (worn)
 B - a cursed +0 cloak (worn)
 D - a +2 shield
Jewellery
 e - a cursed amulet of inaccuracy (around neck)
 g - a ring of poison resistance (right hand)
 l - a cursed ring of loudness (left hand)
Scrolls
 c - a scroll of fog
 p - 2 scrolls of enchant weapon
 q - a scroll of enchant armour
 v - a scroll of fear {!r}
 x - a scroll of blinking
 y - a scroll of recharging
Potions
 b - a potion of agility {unknown}
 d - a potion of lignification {!q}
 m - 4 potions of curing
 t - a potion of brilliance {unknown}
 u - a potion of cure mutation {unknown}
 w - a potion of ambrosia {unknown}
 E - a potion of mutation {unknown}
Comestibles
 f - 2 bread rations {!e}
 h - 4 beef jerkies
 A - 3 chunks of flesh


   Skills:
 + Level 6.7 Fighting
 * Level 9.0 Long Blades
 - Level 1.7 Throwing
 - Level 2.6 Dodging


You had 7 spell levels left.
You didn't know any spells.

Dungeon Overview and Level Annotations

Branches:
Dungeon (7/15)             Temple (1/1) D:6

Altars:
Ashenzari
Cheibriados
Dithmenos
Elyvilon
Fedhas
Gozag
Kikubaaqudgha
Makhleb
Nemelex Xobeh
Okawaru
Pakellas
Qazlal
Ru
Sif Muna
Trog
Vehumet
Xom
Yredelemnul
The Shining One

Annotations:
D:3 pUX: siggers, Sigmund
D:7 Duvessa


Innate Abilities, Weirdness & Mutations

You have a pair of small horns on your head.
You are partially covered in icy blue scales (AC +1).
Your flesh is cold resistant.
You are slightly more attuned to the shadows.
You are immune to freezing clouds.


Message History

Damage: 6 (max 7)
You closely miss Duvessa. Your headbutt misses Duvessa.
Duvessa is heavily wounded.
Duvessa hits you with a rapier.
Damage: 3 (max 7)
You completely miss Duvessa.
Duvessa is heavily wounded.
Duvessa hits you with a rapier.
Damage: 4 (max 7)
You hit Duvessa. Your headbutt misses Duvessa.
Duvessa is heavily wounded.
Duvessa hits you with a rapier. Duvessa hits you but does no damage.
Damage: 2 (max 7)
You hit Duvessa. Your headbutt misses Duvessa.
Duvessa is severely wounded.
Duvessa hits you with a rapier.
Damage: 4 (max 7)
Your chain mail prevents you from hitting Duvessa.
You headbutt Duvessa.
Duvessa is severely wounded.
Duvessa closely misses you.
You closely miss Duvessa.
Duvessa is severely wounded.
Duvessa completely misses you. Duvessa hits you with a rapier!
* * * LOW HITPOINT WARNING * * *
Damage: 10 (max 10)
You hit Duvessa.
Duvessa is severely wounded.
Duvessa hits you with a rapier!
* * * LOW HITPOINT WARNING * * *
Damage: 8 (max 10)
You closely miss Duvessa.
Duvessa is severely wounded.
Duvessa hits you with a rapier!
* * * LOW HITPOINT WARNING * * *
The crimson imp blinks!
Damage: 8 (max 10)
You hit Duvessa but do no damage.
Duvessa is severely wounded.
Duvessa is no longer berserk.
Duvessa hits you but does no damage. The crimson imp barely misses you.
You closely miss Duvessa.
Duvessa is severely wounded.
Duvessa hits you but does no damage. The crimson imp barely misses you.
You closely miss Duvessa.
Duvessa is severely wounded.
The crimson imp hits you.
* * * LOW HITPOINT WARNING * * *
Duvessa hits you with a rapier.
You die...

#######.
#.#5e.((..
#.#@# #.#.##
#....######.
#..#........
##...######.
##.## #.#
#.# #.#


You could see Duvessa and a crimson imp.

Vanquished Creatures
  Menkaure (D:4)
  2 sky beasts
  An ice beast (D:6)
  A phantom (D:4)
  An ogre (D:5)
  A centaur (D:5)
  A gnoll sergeant (D:6)
  A giant frog (D:7)
  Dowan (D:7)
  7 wights
  3 crimson imps
  A hound (D:5)
  Crazy Yiuf (D:6)
  An orc priest (D:5)
  A jelly (D:5)
  2 orc wizards
  Natasha (thrice) (D:2)
  A worker ant (D:6)
  A worker ant zombie (D:5)
  9 adders
  7 gnolls
  3 shadow imps
  2 oozes
  A worm (D:2)
  A dart slug (D:3)
  5 giant geckos
  6 orcs
  A giant cockroach (D:2)
  7 goblins
  8 hobgoblins
  7 jackals
  7 quokkas
  A ball python (D:6)
  9 bats
  2 giant gecko zombies
  4 giant newts
  13 kobolds
  4 rats
128 creatures vanquished.

Notes
Turn   | Place    | Note
--------------------------------------------------------------
     0 | D:1      | Gorice the Demonspawn Gladiator began the quest for the Orb.
     0 | D:1      | Reached XP level 1. HP: 16/16 MP: 1/1
   102 | D:1      | Reached skill level 3 in Long Blades
   225 | D:1      | Gained mutation: You are partially covered in icy blue scales (AC +1). [demonic ancestry]
   225 | D:1      | Reached XP level 2. HP: 20/22 MP: 2/2
   745 | D:2      | Gained mutation: You have a pair of small horns on your head. [demonic ancestry]
   745 | D:2      | Reached XP level 3. HP: 21/28 MP: 3/3
  1039 | D:2      | Reached skill level 4 in Long Blades
  1126 | D:2      | Noticed Natasha
  1129 | D:2      | Killed Natasha
  1129 | D:2      | Gained mutation: Your flesh is cold resistant. [demonic ancestry]
  1129 | D:2      | Reached XP level 4. HP: 34/34 MP: 4/4
  1221 | D:2      | Noticed Natasha
  1230 | D:2      | Killed Natasha
  1230 | D:2      | Reached skill level 3 in Fighting
  1313 | D:2      | Noticed Natasha
  1318 | D:2      | Killed Natasha
  1318 | D:2      | Gained mutation: You are immune to freezing clouds. [demonic ancestry]
  1318 | D:2      | Reached XP level 5. HP: 32/41 MP: 5/5
  1518 | D:3      | Reached skill level 5 in Long Blades
  1709 | D:3      | Noticed Sigmund
  1757 | D:4      | Noticed a phantom
  1772 | D:4      | Killed a phantom
  1772 | D:4      | Reached XP level 6. HP: 24/48 MP: 6/6
  1950 | D:4      | Noticed Menkaure
  1961 | D:4      | Killed Menkaure
  1961 | D:4      | Reached skill level 4 in Fighting
  1966 | D:4      | Reached skill level 6 in Long Blades
  2238 | D:5      | Entered Level 5 of the Dungeon
  2252 | D:5      | Reached XP level 7. HP: 51/55 MP: 7/7
  2416 | D:5      | Reached skill level 5 in Fighting
  2586 | D:5      | Reached skill level 7 in Long Blades
  3142 | D:6      | Gained mutation: You are slightly more attuned to the shadows. [demonic ancestry]
  3142 | D:6      | Reached XP level 8. HP: 25/63 MP: 8/8
  3272 | D:6      | Found a staircase to the Ecumenical Temple.
  3304 | Temple   | Entered the Ecumenical Temple
  3315 | Temple   | Became a worshipper of Warmaster Okawaru
  3442 | D:6      | Found a glowing golden altar of the Shining One.
  3641 | D:6      | Reached skill level 6 in Fighting
  3641 | D:6      | Reached skill level 8 in Long Blades
  3901 | D:6      | Noticed Crazy Yiuf
  3913 | D:6      | Killed Crazy Yiuf
  4027 | D:7      | HP: 17/64 [wight/enchanted great sword (10)]
  4616 | D:6      | HP: 18/65 [gnoll sergeant/trident of pain (2)]
  4623 | D:6      | HP: 8/65 [gnoll/spear (4)]
  5016 | D:7      | Reached * piety under Okawaru
  5016 | D:7      | Reached skill level 9 in Long Blades
  5124 | D:7      | Noticed Dowan
  5141 | D:7      | Killed Dowan
  5171 | D:7      | Noticed Duvessa
  5188 | D:7      | HP: 18/65 [Duvessa/rapier (10)]
  5190 | D:7      | HP: 2/65 [Duvessa/rapier (8)]
  5193 | D:7      | Slain by Duvessa

Vault maps used:
D:1:      dpeg_arrival_rhombus
D:2:      uniq_natasha
D:3:      uniq_sigmund, uniq_terence
D:4:      uniq_menkaure
D:5:      first_bread
D:6:      marbit_many_paths, minmay_temple_entry_glass, uniq_crazy_yiuf_cottage
D:7:      serial_shops, nicolae_shop_competitors_out_of_business, uniq_duvessa
Temple:   nicolae_temple_no_exploring_needed

Skill      XL: |  1  2  3  4  5  6  7  8 |
---------------+-------------------------+-----
Long Blades    | 3 4 5 6 7 9 |  9.0
Fighting       | 3 4 5 6 |  6.7
Throwing       | |  1.7
Dodging        | |  2.6

Action                   |  1- 3 |  4- 6 |  7- 9 || total
-------------------------+-------+-------+-------++-------
Melee: Long sword        |   127 |   128 |   376 ||   631
Throw: Throwing net      |       |     1 |     4 ||     5
       Stone             |       |       |    12 ||    12
  Use: Scroll            |     2 |     8 |     4 ||    14
       Potion            |       |       |     1 ||     1
 Stab: Held in net/web   |       |     1 |     1 ||     2
  Eat: Chunk             |     1 |     4 |     5 ||    10
       Meat ration       |       |       |     1 ||     1

Table legend:
 A = Turns spent in this place as a percentage of turns spent in the entire game.
 B = Non-inter-level travel turns spent in this place as a percentage of non-inter-level travel turns spent in the entire game.
 C = Inter-level travel turns spent in this place as a percentage of turns spent in this place.
 D = Turns resting spent in this place as a percentage of non-inter-level travel turns spent in this place.
 E = Turns spent auto-exploring this place as a percentage of non-inter-level travel turns spent in this place.
 F = Non-inter-level travel turns spent in this place divided by the number of levels of this place that you've seen.
                   A       B       C       D       E      F
               +-------+-------+-------+-------+-------+----------------------
         Total | 100.0 | 100.0 |   0.3 |   1.5 |   6.5 | 247.6
       Dungeon |  99.0 |  99.0 |   0.3 |   1.5 |   6.5 | 280.1
        Temple |   1.0 |   1.0 |   0.0 |   0.0 |   0.0 |  20.0
               +-------+-------+-------+-------+-------+----------------------

Vault maps used:
D:1:      dpeg_arrival_rhombus
D:2:      uniq_natasha
D:3:      uniq_sigmund, uniq_terence
D:4:      uniq_menkaure
D:5:      first_bread
D:6:      marbit_many_paths, minmay_temple_entry_glass, uniq_crazy_yiuf_cottage
D:7:      serial_shops, nicolae_shop_competitors_out_of_business, uniq_duvessa
Temple:   nicolae_temple_no_exploring_needed
